 Dungeon Crawl Stone Soup version 0.28.0-1-gb440e238dd (webtiles) character file.

Game seed: 8000860331633074637

56 hikkokomori the Digger (level 3, -1/19 HPs)
             Began as a Gargoyle Earth Elementalist on Feb 21, 2022.
             Slain by a hobgoblin (5 damage)
             ... led by Robin
             ... on level 2 of the Dungeon.
             The game lasted 00:02:37 (2457 turns).

hikkokomori the Digger (GrEE)                       Turns: 2457, Time: 00:02:38

Health: -1/19      AC:  8    Str: 11    XL:     3   Next: 97%
Magic:  0/7        EV: 11    Int: 17    God:
Gold:   34         SH:  0    Dex: 10    Spells: 6/7 levels left

rFire   . . .      SeeInvis .   d - +0 hand axe
rCold   . . .      Faith    .   (no shield)
rNeg    + . .      Spirit   .   b - +0 robe
rPois   ∞          Reflect  .   (no helmet)
rElec   +          Harm     .   f - +2 cloak
rCorr   .          Rampage  .   (no gloves)
Will    .....                   (no boots)
Stlth   ++........              (no amulet)
HPRegen 0.06/turn               (no ring)
MPRegen 0.10/turn               (no ring)

@: no status effects
A: sickness immunity, AC +3, negative energy resistance 1, electricity
resistance, torment resistance 1, petrification resistance
a: no special abilities


You were on level 2 of the Dungeon.
You visited 1 branch of the dungeon, and saw 2 of its levels.

You collected 34 gold pieces.

Inventory:

Hand Weapons
 d - a +0 hand axe (weapon)
Missiles
 c - 44 stones
Armour
 b - a +0 robe (worn)
 f - a +2 cloak (worn)
Scrolls
 a - 2 scrolls of magic mapping {unknown}
 g - a scroll of teleportation {unknown}
Potions
 e - a potion of heal wounds {unknown}


   Skills:
 - Level 1.5 Dodging
 - Level 2.1 Stealth
 + Level 2.7 Spellcasting
 + Level 1.7 Transmutations
 + Level 4.4 Earth Magic


You had 6 spell levels left.
You knew the following spells:

 Your Spells              Type           Power      Damage    Failure   Level
a - Sandblast             Erth           34%        2d9       3%          1

Your spell library contained the following spells:

 Spells                   Type           Power      Damage    Failure   Level
 Passwall                 Tmut/Erth      10%        N/A       8%          2
 Pain                     Necr           8%         1d4       19%         1
 Stone Arrow              Conj/Erth      18%        3d8       22%         3
 Petrify                  Tmut/Erth      12%        N/A       45%         4
 Agony                    Necr           2%         N/A       99%         5
 Excruciating Wounds      Necr           1%         N/A       99%         5


Dungeon Overview and Level Annotations

Branches:
Dungeon (2/15)

Altars:


Innate Abilities, Weirdness & Mutations

You are immune to sickness and miasma.
Your stone body is resilient. (AC +3)
You are immune to poison.
You resist negative energy. (rN+)
You are resistant to electric shocks. (rElec)
You are resistant to unholy torment.
You are immune to petrification.


Message History

Robin hits you but does no damage.
Robin says, "Duck!"
Your magical contamination has completely faded away.
The hobgoblin closely misses you.
Robin roars a battlecry!
The hobgoblins go into a battle-frenzy!
Things that are here:
a +0 dagger; a +0 club; a goblin corpse You hit Robin.
Robin is almost dead.
You hit the hobgoblin. The hobgoblin hits you. Robin barely misses you.
The hobgoblin barely misses you.
You hit Robin but do no damage.
Robin is severely wounded.
You barely miss the hobgoblin. Robin hits you but does no damage.
The hobgoblin hits you.
You completely miss Robin.
Robin is severely wounded.
You hit the hobgoblin but do no damage. Robin hits you but does no damage.
The hobgoblin closely misses you. Robin hits you but does no damage.
Robin hits you with a +5 club.
Casting: Sandblast (safe; 3% risk of failure)
Confirm with . or Enter, or press ? or * to list all spells.
Aiming: Sandblast (safe; 3% risk of failure)
Press: ? - help, Shift-Dir - straight line, f/p - Robin
Aim: Robin, wielding a +5 club, wearing a +0 animal skin and wearing a +1 helmet (severely wounded, 85% to hit)
The blast of sand hits Robin!
You kill Robin!
Unknown command.
You hit the hobgoblin.
The hobgoblin is severely wounded.
You closely miss the hobgoblin.
The hobgoblin hits you but does no damage.
The hobgoblin closely misses you.
You hit the hobgoblin.
You kill the hobgoblin!
You hit the hobgoblin but do no damage. The hobgoblin hits you.
* * * LOW HITPOINT WARNING * * *
The hobgoblin hits you.
You die...

#.# ..#.......
#.#.# #.##.#.###
#.#.# #.##.#[#
#.#.####.##.#.#
#.#.#....##>..#
#.#.#.##.##...#
#)#.#.##......###
##g#.#............
#@)..........#.###
####.####....#.#
#.# ######.#
#.#########.#
#...........#
##########..# #..#
#..### #.....


You could see a hobgoblin (strong).

Vanquished Creatures
  Robin (D:2)
  An adder (D:2)
  2 dart slugs
  4 ball pythons
  4 endoplasms
  A giant cockroach (D:2)
  5 goblins
  3 hobgoblins
  2 quokkas (D:1)
  2 bats (D:1)
  2 frilled lizards (D:1)
  A kobold (D:1)
  5 rats (D:1)
33 creatures vanquished.

Vanquished Creatures (others)
  A plant (D:2)
1 creature vanquished.

Grand Total: 34 creatures vanquished

Notes
Turn   | Place    | Note
-------+----------+-------------------------------------------
     0 | D:1      | hikkokomori the Gargoyle Earth Elementalist began the quest
                  | for the Orb.
     0 | D:1      | Reached XP level 1. HP: 10/10 MP: 3/3
   274 | D:1      | Reached skill level 1 in Transmutations
   319 | D:1      | Reached XP level 2. HP: 11/15 MP: 5/5
   768 | D:1      | Reached skill level 4 in Earth Magic
  2030 | D:2      | Reached XP level 3. HP: 19/19 MP: 6/6
  2076 | D:2      | Found a faded altar of an unknown god.
  2430 | D:2      | Noticed Robin
  2455 | D:2      | Killed Robin
  2457 | D:2      | Slain by a hobgoblin

Illustrated notes

Levels and vault maps discovered:
D:1:      evilmike_arrival_rings, layout_basic
D:2:      layout_basic, shapermc_ecumenical_altar_acropolis, uniq_robin

Skill      XL: |  1  2 |
---------------+-------+-----
Transmutations | 1 |  1.7
Earth Magic    | 4 |  4.4
Dodging        | |  1.5
Stealth        | |  2.1
Spellcasting   | |  2.7

Action                   || total
-------------------------++-------
Melee: Hand axe          ||    97
       Unarmed           ||     5
       Punch             ||     1
 Cast: Sandblast         ||    12
 Stab: Sleeping          ||     4
Armor: Robe              ||    41
Dodge: Dodged            ||    75
